 Dungeon Crawl Stone Soup version 0.30-a0-996-ga6910c8ee8 (webtiles) character file.

Game seed: 14261770744701807995

10381 Dirtsage the Severer (level 11, -13/78 HPs)
             Began as a Demonspawn Berserker on Apr 4, 2023.
             Was an Elder of Trog.
             Mangled by a komodo dragon (27 damage)
             ... on level 1 of the Lair of Beasts.
             The game lasted 00:19:52 (9919 turns).

Dirtsage the Severer (Demonspawn Berserker)         Turns: 9919, Time: 00:19:52

Health: -13/78     AC: 10    Str: 22    XL:     11   Next: 35%
Magic:  11/11      EV: 11    Int:  9    God:    Trog [****..]
Gold:   415        SH:  5    Dex: 12    Spells: 10/10 levels left

rFire   . . .      SeeInvis .    q - +0 broad axe
rCold   . . .      Faith    .    (no shield)
rNeg    + . .      Spirit   .    K - +2 leather armour of Misanthropy {Slay+3}
rPois   .          Reflect  +    (no helmet)
rElec   .          Rampage  .    (cloak unavailable)
rCorr   .                        o - +0 pair of gloves
Will    +....                    u - +0 pair of boots
Stlth   +                        y - amulet of reflection
HPRegen 0.33/turn                N - ring of positive energy
MPRegen 0.12/turn                (no ring)

@: on berserk cooldown, slowed, very slow
A: molten scales 2, demonic willpower, weakness stinger 3
a: Renounce Religion, Berserk, Trog's Hand, Brothers in Arms


You were on level 1 of the Lair of Beasts.
You worshipped Trog.
Trog was greatly pleased with you.
You visited 3 branches of the dungeon, and saw 12 of its levels.
You also visited: Bailey.

You collected 607 gold pieces.
You spent 192 gold pieces at shops.

Inventory:

Hand Weapons
 a - a +3 hand axe
 q - a +0 broad axe (weapon)
 w - a +0 war axe
Missiles
 J - 7 curare-tipped darts (quivered)
Armour
 o - a +0 pair of gloves (worn)
 u - a +0 pair of boots (worn)
 K - the +2 leather armour of Misanthropy (worn) {Slay+3}
   (You found it on level 7 of the Dungeon)

   Slay:      It affects your accuracy & damage with ranged weapons and melee
   (+3).
Jewellery
 b - a ring of fire
 n - an amulet of magic regeneration
 y - an amulet of reflection (around neck)
 N - a ring of positive energy (left hand)
Wands
 A - a wand of light (19)
 L - a wand of roots (3)
 M - a wand of flame (6)
Scrolls
 d - a scroll of vulnerability
 g - 4 scrolls of fear
 i - a scroll of identify
 k - 3 scrolls of enchant armour
 l - 2 scrolls of fog
 p - 3 scrolls of enchant weapon
 t - 6 scrolls of teleportation
 v - a scroll of magic mapping
 z - a scroll of torment
 B - 4 scrolls of blinking
 D - 3 scrolls of immolation
 F - 2 scrolls of amnesia
 I - 2 scrolls of poison
Potions
 c - 6 potions of curing {unknown}
 e - 4 potions of cancellation {unknown}
 f - 5 potions of attraction {unknown}
 h - 6 potions of heal wounds {unknown}
 j - a potion of flight
 m - 4 potions of lignification {unknown}
 r - 4 potions of magic {unknown}
 s - 5 potions of mutation {unknown}
 x - 4 potions of might {unknown}
 C - 2 potions of invisibility {unknown}
 E - 2 potions of haste {unknown}
 G - a potion of berserk rage {unknown}
 H - a potion of brilliance


   Skills:
 + Level 4.3 Fighting
 + Level 15.9 Axes
 + Level 3.3 Armour
 - Level 1.7 Dodging


You had 10 spell levels left.
You didn't know any spells.
Your spell library contained the following spells:

 Spells                   Type           Power      Damage    Failure   Level
 Cigotuvi's Dreadful Rot  Necr/Pois/Air  0%         N/A       56%         2
 Ensorcelled Hibernation  Hex/Ice        0%         N/A       56%         2
 Passwall                 Tmut/Erth      0%         N/A       56%         2
 Sublimation of Blood     Necr           0%         N/A       56%         2
 Wereblood                Tmut           0%         N/A       56%         2
 Frozen Ramparts          Ice            0%         1d1       80%         3
 Swiftness                Air            0%         N/A       80%         3
 Dispel Undead            Necr           0%         3d6       99%         4
 Ice Form                 Ice/Tmut       0%         N/A       99%         4
 Summon Ice Beast         Ice/Summ       0%         N/A       99%         4
 Death Channel            Necr           0%         N/A       100%        6
 Summon Hydra             Summ           0%         N/A       100%        7


Dungeon Overview and Level Annotations

Branches:
Dungeon (10/15)            Temple (1/1) D:5            Lair (1/5) D:8
 Bailey (visited)
    Orc: D:9-12

Altars:
Ashenzari
Cheibriados
Dithmenos
Fedhas
Qazlal
Uskayaw
Vehumet

Shops:
D:3 ?   D:6 (   D:9 ?

Portals:
Trove: D:10 (give 2 scrolls of acquirement)


Innate Abilities, Weirdness & Mutations

You are mostly covered in molten scales. (AC +3)
You punish those that try to bend your will. (Will+)
You have a sharp stinger which inflicts weakening toxins.


Message History

You feel the power of Trog in you as your rage grows.
You kill the yak!
Trog accepts your kill.
You hit the yak. You slash the yak!
You feel the power of Trog in you as your rage grows.
You kill the yak!
Trog accepts your kill. You block the yak's attack.
You slash the yak!
You kill the yak!
Trog accepts your kill.
You start resting.
You feel a strong urge to attack something.
You start resting.
A komodo dragon comes into view.
A komodo dragon is nearby!
A komodo dragon is nearby!
You feel your anger nearly subside.
You are no longer berserk.
You are exhausted.
You feel yourself slow down.
The komodo dragon hisses angrily.
You see here a yak corpse.
You now have 41/78 hp.
The komodo dragon hisses menacingly.
The komodo dragon bites you but does no damage.
You hit the komodo dragon.
The komodo dragon is lightly wounded.
You block the komodo dragon's attack.
You slash the komodo dragon!
The komodo dragon is heavily wounded.
The komodo dragon closely misses you.
You slash the komodo dragon!
The komodo dragon is severely wounded.
The komodo dragon bites you! The komodo dragon bites you!!
* * * LOW HITPOINT WARNING * * *
You take 33 damage, and have 13/78 hp.
MASSIVE DAMAGE!!
You closely miss the komodo dragon.
The komodo dragon is severely wounded.
The komodo dragon bites you!!
You die...

#### ##P~♣## ##~~~PP#
♣~~~≈~P♣ ### ###
#♣~PP~P♣#
#####P#####.###♣..P.P~#
.....................##
.....................#
................@....#
.................l####
##.#.#.....#.#.##..P#
#####..........###..##
## ##.....##... #...###
.# #.....##+.+###....#
###.##+..#.# ###.#.##
#....).## #..†...#
##.....# ##†††..#


You could see a komodo dragon.

Vanquished Creatures
  2 vault guards (Bailey)
  Fannar (D:10)
  Pikel (D:6)
  Psyche (D:10)
  2 komodo dragons
  Prince Ribbit (Bailey)
  A hornet (D:8)
  6 yaks (Lair:1)
  2 wyverns
  Eustachio (D:6)
  4 humans (Bailey)
  3 basilisks
  2 steam dragons
  Duvessa (D:5)
  3 ice beasts
  3 orc warriors
  A black bear (D:5)
  3 centaurs
  3 kobold brigands
  13 bullfrogs
  5 scorpions
  10 wights
  Dowan (D:5)
  15 killer bees (D:9)
  2 howler monkeys
  3 hounds
  A gnoll bouda (D:7)
  2 jellies (D:5)
  3 orc priests
  2 iguanas
  2 sleepcaps
  6 orc wizards
  6 gnolls
  4 adders
  A shadow imp (D:7)
  A white imp (D:7)
  An ufetubus (D:5)
  6 worms
  2 dart slugs
  21 orcs
  5 bats
  7 endoplasms
  5 giant cockroaches
  6 goblins
  8 hobgoblins
  8 jackals
  3 quokkas
  4 ball pythons
  2 frilled lizards
  22 kobolds
  7 rats
225 creatures vanquished.

Vanquished Creatures (others)
  An orc wizard (D:9)
  A goblin (D:10)
2 creatures vanquished.

Grand Total: 227 creatures vanquished

Notes
Turn   | Place    | Note
-------+----------+-------------------------------------------
     0 | D:1      | Dirtsage the Demonspawn Berserker began the quest for the
                  | Orb.
     0 | D:1      | Reached XP level 1. HP: 18/18 MP: 1/1
    33 | D:1      | Reached skill level 3 in Axes
    89 | D:1      | Gained mutation: You are partially covered in molten
                  | scales. (AC +2) [demonic ancestry]
    89 | D:1      | Reached XP level 2. HP: 24/24 MP: 2/2
   184 | D:1      | Found a faded altar of an unknown god.
  1197 | D:2      | Reached ** piety under Trog
  1204 | D:2      | Gained mutation: You have a small tail. [demonic ancestry]
  1204 | D:2      | Reached XP level 3. HP: 26/29 MP: 3/3
  1273 | D:2      | Reached skill level 4 in Axes
  1749 | D:3      | Found Otsemuyd's Magic Scroll Shop.
  1756 | D:3      | Bought a scroll of blinking for 90 gold pieces
  1769 | D:3      | Gained mutation: You have a tail ending in a sharp stinger.
                  | [demonic ancestry]
  1769 | D:3      | Reached XP level 4. HP: 32/35 MP: 4/4
  2284 | D:3      | Reached skill level 5 in Axes
  2320 | D:4      | Noticed a scorpion
  2325 | D:4      | Killed a scorpion
  2326 | D:4      | Gained mutation: You have a sharp stinger which inflicts
                  | weakening toxins. [demonic ancestry]
  2326 | D:4      | Reached XP level 5. HP: 41/41 MP: 5/5
  2438 | D:4      | Reached *** piety under Trog
  2654 | D:4      | Reached skill level 6 in Axes
  2759 | D:4      | Found a radiant altar of Vehumet.
  2796 | D:5      | Entered Level 5 of the Dungeon
  2797 | D:5      | Noticed a centaur
  2803 | D:5      | Killed a centaur
  2804 | D:5      | Reached XP level 6. HP: 46/47 MP: 6/6
  3013 | D:5      | Noticed Duvessa
  3013 | D:5      | Noticed Dowan
  3019 | D:5      | Killed Duvessa
  3020 | D:5      | Reached skill level 7 in Axes
  3030 | D:5      | Noticed an ice beast
  3155 | D:5      | Found a blossoming altar of Fedhas.
  3159 | D:5      | Reached XP level 7. HP: 49/52 MP: 7/7
  3483 | D:5      | Identified the +1 short sword "Xegium" {freeze, Will+ MP+9}
  3675 | D:5      | Reached skill level 8 in Axes
  4022 | D:5      | Killed Dowan
  4090 | D:5      | Found a staircase to the Ecumenical Temple.
  4100 | Temple   | Entered the Ecumenical Temple
  4201 | D:6      | Reached skill level 9 in Axes
  4201 | D:6      | Reached XP level 8. HP: 45/58 MP: 8/8
  4558 | D:6      | Noticed Eustachio
  4597 | D:6      | Killed Eustachio
  4670 | D:6      | Noticed Pikel
  4696 | D:6      | Killed Pikel
  4697 | D:6      | Reached skill level 10 in Axes
  4860 | D:6      | Found Suiserphi's Antique Weapon Shoppe.
  4872 | D:6      | Reached skill level 11 in Axes
  4985 | D:6      | Gained mutation: You are mostly covered in molten scales.
                  | (AC +3) [demonic ancestry]
  4985 | D:6      | Reached XP level 9. HP: 53/63 MP: 9/9
  5917 | D:7      | Identified the +2 leather armour of Misanthropy {Slay+3}
  6112 | D:7      | Reached skill level 12 in Axes
  6112 | D:7      | Reached **** piety under Trog
  6990 | D:8      | Reached skill level 13 in Axes
  7015 | D:8      | Noticed a komodo dragon
  7019 | D:8      | Killed a komodo dragon
  7024 | D:8      | Reached XP level 10. HP: 70/70 MP: 10/10
  7102 | D:8      | Found a staircase to the Lair.
  7438 | D:9      | Found a snail-covered altar of Cheibriados.
  7447 | D:9      | Found Batua's Magic Scroll Shoppe.
  7530 | D:9      | Bought a scroll of identify for 34 gold pieces
  7530 | D:9      | Bought a scroll of identify for 34 gold pieces
  7530 | D:9      | Bought a scroll of identify for 34 gold pieces
  8060 | D:9      | Reached skill level 14 in Axes
  8429 | D:10     | Entered Level 10 of the Dungeon
  8545 | D:10     | Found a portal to a secret trove of treasure.
  8561 | D:10     | Noticed Psyche
  8574 | D:10     | Killed Psyche
  8575 | D:10     | Found a flagged portal.
  8609 | Bailey   | Entered a bailey
  8796 | Bailey   | Reached skill level 15 in Axes
  8846 | Bailey   | Noticed a vault guard
  8846 | Bailey   | Noticed Prince Ribbit
  8856 | Bailey   | Killed a vault guard
  8857 | Bailey   | Killed Prince Ribbit
  8904 | Bailey   | Noticed a vault guard
  8926 | Bailey   | Killed a vault guard
  8927 | Bailey   | Gained mutation: You punish those that try to bend your
                  | will. (Will+) [demonic ancestry]
  8927 | Bailey   | Reached XP level 11. HP: 75/75 MP: 11/11
  9153 | D:10     | Noticed Fannar
  9174 | D:10     | Killed Fannar
  9820 | Lair:1   | Entered Level 1 of the Lair of Beasts
  9919 | Lair:1   | Mangled by a komodo dragon

Illustrated notes

Levels and vault maps discovered:
D:1:      shiori_arrival_maze, layout_basic,
          ebering_ecumenical_altar_sacrificial, minmay_box_of_dots
D:2:      layout_rooms
D:3:      layout_loops_ring, serial_shops, nicolae_shop_stone, hex_large
D:4:      layout_gridville, vehumet_crystals
D:5:      dreamdust_elfheim, layout_loops_ring, mainiacjoe_overflow_swirl,
          minmay_temple_entry_poolview
D:6:      layout_gridville, serial_shops, nicolae_stop_n_shop_2, dk_vineyard_2,
          uniq_pikel, uniq_eustachio
D:7:      layout_basic
D:8:      layout_cave_pools, erik_lair_dragon
D:9:      layout_basic, mainiacjoe_overflow_brackets, serial_shops, shop
D:10:     layout_roguey, enter_trove_0, enter_bailey_5, serial_glass,
          glass_columns_b, glass_columns_b, uniq_fannar, uniq_psyche
Temple:   regret_index_temple_mists
Lair:1:   layout_cellular_growth, serial_bayou_shore_b, grunt_megastairs_3,
          infiniplex_staircase_pool

Skill      XL: |  1  2  3  4  5  6  7  8  9 10 11 |
---------------+----------------------------------+-----
Axes           | 3 4 5 6 7 9 11 13 15 | 15.9
Armour         | 3 |  3.3
Fighting       | 4 |  4.3
Dodging        | |  1.7

Action                     |  1- 3 |  4- 6 |  7- 9 | 10-12 || total
---------------------------+-------+-------+-------+-------++-------
  Melee: Hand axe          |   110 |       |    12 |       ||   122
         Tailslap          |    10 |    10 |    41 |    35 ||    96
         War axe           |     7 |   109 |   254 |   159 ||   529
         Punch             |       |     2 |     4 |     3 ||     9
         Broad axe         |       |       |       |    85 ||    85
 Invoke: Berserk           |     3 |     3 |     5 |    13 ||    24
         Trog's Hand       |       |       |       |     1 ||     1
    Use: Scroll            |       |     2 |       |    12 ||    14
   Stab: Sleeping          |     2 |       |       |       ||     2
 Armour: Animal skin       |    24 |       |       |       ||    24
         Ring mail         |    14 |    42 |    64 |       ||   120
         Leather armour    |       |       |    21 |    72 ||    93
  Dodge: Dodged            |    72 |    54 |    94 |    94 ||   314
  Block: Other             |       |    14 |    43 |    41 ||    98
         Reflection        |       |       |     1 |     4 ||     5

Table legend: (Time is in decaauts)
 A = Elapsed time spent in this place.
 B = Non-inter-level travel time spent in this place.
 C = Inter-level travel time spent in this place.
 D = Time resting spent in this place.
 E = Time spent auto-exploring this place.
 F = Levels seen in this place.
 G = Mean time per level.
                   A        B        C        D        E       F      G
               +--------+--------+--------+--------+--------+-----+--------+
         Total |  10097 |   9693 |    404 |   1510 |   6756 |  13 |  776.7 |
       Dungeon |   9541 |   9137 |    404 |   1363 |   6493 |  10 |  954.1 |
        Temple |      1 |      1 |      0 |      0 |      0 |   1 |    1.0 |
          Lair |     97 |     97 |      0 |      1 |     51 |   1 |   97.0 |
        Bailey |    457 |    457 |      0 |    145 |    211 |   1 |  457.0 |
               +--------+--------+--------+--------+--------+-----+--------+

Top non-repeatable levels by time:
     D:5: 1362 daAuts
     D:1: 1202 daAuts
     D:8: 1152 daAuts
     D:9: 1142 daAuts
     D:7: 1138 daAuts
     D:6: 1006 daAuts
    D:10: 880 daAuts
     D:2: 582 daAuts
     D:3: 577 daAuts
     D:4: 496 daAuts
  Bailey: 457 daAuts
  Lair:1: 97 daAuts
  Temple: 1 daAuts
